 Dungeon Crawl Stone Soup version 0.30-a0-738-g116ff8c4af (webtiles) character file.

Game seed: 11905501628336846554

63 demibob the Poker (level 4, 0/33 HPs)
             Began as a Merfolk Gladiator on Feb 3, 2023.
             Slain by an orc wizard
             ... wielding a +3 dagger of electrocution
              (13 damage)
             ... on level 3 of the Dungeon.
             The game lasted 00:03:27 (1466 turns).

demibob the Poker (Merfolk Gladiator)               Turns: 1466, Time: 00:03:28

Health: 0/33       AC:  4    Str: 13    XL:     4   Next: 9%
Magic:  4/4        EV: 13    Int: 11    God:
Gold:   96         SH:  0    Dex: 16    Spells: 3/3 levels left

rFire   . . .      SeeInvis .    a - +0 trident
rCold   . . .      Faith    .    (no shield)
rNeg    . . .      Spirit   .    b - +0 leather armour
rPois   .          Reflect  .    (helmet restricted)
rElec   .          Harm     .    i - +0 cloak
rCorr   .          Rampage  .    (no gloves)
Will    .....                    (no boots)
Stlth   +                        (no amulet)
HPRegen 0.25/turn                (no ring)
MPRegen 0.09/turn                (no ring)

@: no status effects
A: (nimble swimmer 2), mertail, horns 1, clever 1, subdued magic 1
a: no special abilities


You were on level 3 of the Dungeon.
You visited 1 branch of the dungeon, and saw 4 of its levels.

You collected 96 gold pieces.


Innate Abilities, Weirdness & Mutations

((You are very nimble when in or above water. (Stealth+, EV+, Speed+++)))
Your lower body shifts to a powerful aquatic tail in water.
You have a pair of small horns on your head.
Your mind is acute. (Int +4, Str/Dex -1)
Your spells are a little easier to cast, but a little less powerful.


   Skills:
 - Level 2.1 Fighting
 * Level 5.7 Polearms
 - Level 2.0 Throwing
 + Level 4.9 Dodging


You had 3 spell levels left.
You didn't know any spells.
Your spell library contained the following spells:

 Spells                   Type           Power      Damage    Failure   Level
 Blink                    Tloc           0%         N/A       52%         2
 Call Canine Familiar     Summ           0%         N/A       77%         3
 Portal Projectile        Hex/Tloc       0%         N/A       77%         3
 Leda's Liquefaction      Hex/Erth       0%         N/A       99%         4
 Manifold Assault         Tloc           0%         N/A       99%         4
 Storm Form               Tmut/Air       0%         N/A       100%        7

Inventory:

Hand Weapons
 a - a +0 trident (weapon)
Missiles
 d - 3 throwing nets (quivered) {=f}
 e - a javelin
Armour
 b - a +0 leather armour (worn)
 c - a +1 helmet
 i - a +0 cloak (worn)
Jewellery
 I - a +6 ring of intelligence
Scrolls
 f - a scroll of identify {@r1}
 j - a scroll of teleportation {@r2}
 k - 2 scrolls of amnesia
Potions
 g - a potion of brilliance
 l - a potion of lignification

Dungeon Overview and Level Annotations

Branches:
Dungeon (4/15)
 Temple: D:4-7

Altars:
Xom

Shops:
D:1

( ▒.≈o ▒.≈.
▒▒▒▒o≈o
....o≈.
≈≈≈≈≈≈.#######
#.oo...o#
#######o# #{#
#@# #.# #.#
#.# #.# ##.#
##..# #...#
##.##


You could see 2 orcs.


Message History

There is a stone staircase leading down here.
You climb downwards.
There is a stone staircase leading up here.
There are monsters nearby!
You reach to attack!
You hit the orc.
The orc is moderately wounded.
The orc wizard casts a spell.
The orc wizard flickers and vanishes!
Deactivating autopickup; reactivate with Ctrl-A.
The orc misses you.
You barely miss the orc.
The orc is moderately wounded.
Something you can't see is in the way.
You miss something. You headbutt something.
You reach to attack!
You closely miss the orc.
The orc is moderately wounded.
Something hits you. Something you can't see is in the way.
You barely miss something.
You hear some strange, mumbled words.
A puff of flame appears from out of thin air!
The puff of flame hits you. Something you can't see is in the way.
You closely miss something. Something hits you but does no damage.
You are electrocuted!
* * * LOW HITPOINT WARNING * * *
You are too injured to fight recklessly!
You miss something. Something hits you.
* * * LOW HITPOINT WARNING * * *
You are electrocuted!
You die...

Skill      XL: |  1  2 |
---------------+-------+-----
Polearms       | 5 |  5.7
Fighting       | |  2.1
Throwing       | |  2.0
Dodging        | |  4.9

Action                     |  1- 3 |  4- 6 || total
---------------------------+-------+-------++-------
  Melee: Trident           |    94 |    15 ||   109
         Tailslap          |     1 |       ||     1
         Punch             |     1 |       ||     1
         Headbutt          |       |     1 ||     1
    Use: Scroll            |     6 |       ||     6
         Potion            |     5 |     2 ||     7
   Stab: Sleeping          |     2 |       ||     2
 Armour: Leather armour    |    20 |     3 ||    23
         Skin              |    31 |       ||    31
  Dodge: Dodged            |    36 |     7 ||    43

Levels and vault maps discovered:
D:1:      dpeg_arrival_leaves_temple_mockup, layout_basic, serial_shops,
          nicolae_shop_bloodbath_and_beyond, minmay_misc_feat_square,
          kennysheep_doodads
D:2:      layout_basic, hellmonk_ecumenical_altar_zigzags, basic_altar
D:3:      layout_loops_ring, nicolae_overflow_squiral, uniq_natasha,
          uniq_jessica
D:4:      layout_rooms, nicolae_overflow_hidden_temple, minmay_misc_feat_roman

Notes
Turn   | Place    | Note
-------+----------+-------------------------------------------
     0 | D:1      | demibob the Merfolk Gladiator began the quest for the Orb.
     0 | D:1      | Reached XP level 1. HP: 16/16 MP: 1/1
   172 | D:1      | Reached XP level 2. HP: 22/22 MP: 2/2
   180 | D:1      | Found Xuprynt's Weapon Boutique.
   542 | D:1      | Reached skill level 5 in Polearms
   775 | D:2      | Reached XP level 3. HP: 27/27 MP: 3/3
   792 | D:2      | Found a faded altar of an unknown god.
   989 | D:2      | You fall into a shaft and drop 2 floors!
  1033 | D:4      | Noticed a gnoll sergeant
  1339 | D:2      | Reached XP level 4. HP: 33/33 MP: 4/4
  1349 | D:2      | Found a shimmering altar of Xom.
  1446 | D:2      | Gained mutation: You are agile. (Dex +4, Str/Int -1)
                  | [potion of mutation]
  1446 | D:2      | Gained mutation: Your flesh is heat resistant. (rF+)
                  | [potion of mutation]
  1447 | D:2      | Lost mutation: Your flesh is heat resistant. (rF+) [potion
                  | of mutation]
  1447 | D:2      | Lost mutation: You are agile. (Dex +4, Str/Int -1) [potion
                  | of mutation]
  1447 | D:2      | Gained mutation: You have a pair of small horns on your
                  | head. [potion of mutation]
  1447 | D:2      | Gained mutation: Your spells are a little easier to cast,
                  | but a little less powerful. [potion of mutation]
  1447 | D:2      | Gained mutation: Your mind is acute. (Int +4, Str/Dex -1)
                  | [potion of mutation]
  1466 | D:3      | Slain by an orc wizard

Vanquished Creatures
  A gnoll (D:3)
  An adder (D:4)
  A worm (D:2)
  A dart slug (D:1)
  4 orcs (D:3)
  3 endoplasms
  7 goblins
  A hobgoblin (D:1)
  2 jackals (D:1)
  2 kobolds
  A quokka (D:1)
  3 ball pythons
  5 bats
  A rat (D:2)
33 creatures vanquished.

Table legend: (Time is in decaauts)
 A = Elapsed time spent in this place.
 B = Non-inter-level travel time spent in this place.
 C = Inter-level travel time spent in this place.
 D = Time resting spent in this place.
 E = Time spent auto-exploring this place.
 F = Levels seen in this place.
 G = Mean time per level.
                   A        B        C        D        E       F      G
               +--------+--------+--------+--------+--------+-----+--------+
         Total |   1465 |   1428 |     37 |     78 |   1066 |   4 |  366.2 |
       Dungeon |   1465 |   1428 |     37 |     78 |   1066 |   4 |  366.2 |
               +--------+--------+--------+--------+--------+-----+--------+

Top non-repeatable levels by time:
     D:1: 651 daAuts
     D:2: 619 daAuts
     D:3: 143 daAuts
     D:4: 50 daAuts

Table legend:
 A = Non-vault XP
 B = Vault XP
 C = Vault XP percentage of total XP
 D = Non-vault monster count
 E = Vault monster count
 F = Vault count percentage of total count
                 A         B        C        D         E       F
            +---------+---------+-------+---------+---------+-------
      Total |      90 |       0 |   0.0 |      33 |       0 |   0.0
            +---------+---------+-------+---------+---------+-------
        D:1 |      32 |       0 |   0.0 |      17 |       0 |   0.0
        D:2 |      16 |       0 |   0.0 |       8 |       0 |   0.0
        D:3 |      27 |       0 |   0.0 |       6 |       0 |   0.0
        D:4 |      15 |       0 |   0.0 |       2 |       0 |   0.0
            +---------+---------+-------+---------+---------+-------
